 Dungeon Crawl Stone Soup version 0.26-a0-1147-g3780a7a11b (webtiles) character file.

Game seed: 1717357137506879897

102 gruber the Firebug (level 4, -2/30 HPs)
             Began as a Demonspawn Fire Elementalist on Dec 22, 2020.
             Slain by a white imp (5 damage)
             ... summoned by Natasha
             ... on level 2 of the Dungeon.
             The game lasted 00:02:26 (2017 turns).

gruber the Firebug (Demonspawn Fire Elementalist)   Turns: 2017, Time: 00:02:26

Health: -2/30      AC:  3    Str:  8    XL:     4   Next: 49%
Magic:  1/7        EV: 12    Int: 17    God:
Gold:   132        SH:  0    Dex: 18    Spells: 6/7 levels left

rFire    . . .     SeeInvis .   e - +0 spear
rCold    . . .     Faith    .   (no shield)
rNeg     . . .     Spirit   .   a - +0 robe
rPois    .         Reflect  .   (no helmet)
rElec    .         Harm     .   (no cloak)
rCorr    .         Rampage  .   (no gloves)
Will     .....                  j - +0 pair of boots
Stlth    ++++......             (no amulet)
HPRegen  0.10/turn              (no ring)
MPRegen  0.10/turn              (no ring)

@: no status effects
A: hooves 1, thin skeletal structure 2
a: no special abilities


You were on level 2 of the Dungeon.
You visited 1 branch of the dungeon, and saw 2 of its levels.

You collected 132 gold pieces.

Inventory:

Hand Weapons
 e - a +0 spear (weapon)
Missiles
 i - a javelin (quivered)
Armour
 a - a +0 robe (worn)
 j - a +0 pair of boots (worn)
Scrolls
 d - a scroll of enchant weapon {unknown}
 g - 3 scrolls of identify {unknown}
 h - a scroll of fear {unknown}
 k - 2 scrolls of remove curse {unknown}
 l - a scroll of amnesia {unknown}
Potions
 b - a potion of attraction {unknown}
 c - 2 potions of lignification {unknown}
 f - a potion of cancellation {unknown}
 m - a potion of curing {unknown}


   Skills:
 - Level 1.7 Dodging
 - Level 1.7 Stealth
 - Level 2.0 Spellcasting
 + Level 2.5 Conjurations
 + Level 4.2 Fire Magic


You had 6 spell levels left.
You knew the following spells:

 Your Spells              Type           Power        Failure   Level
a - Foxfire               Conj/Fire      52%          4%          1

Your spell library contained the following spells:

 Spells                   Type           Power        Failure   Level
 Conjure Flame            Conj/Fire      13%          14%         3
 Inner Flame              Hex/Fire       8%           24%         3
 Sticky Flame             Conj/Fire      13%          43%         4
 Fireball                 Conj/Fire      6%           78%         5


Dungeon Overview and Level Annotations

Branches:
Dungeon (2/15)

Altars:

Annotations:
D:2 Natasha


Innate Abilities, Weirdness & Mutations

You have large cloven feet.
You have a moderately thin skeletal structure. (Dex +4, Stealth+)


Message History

Okay, then.
Throw: 3 javelins
Press: ? - help, Q - select action, (/) - cycle Shift-Dir - straight line, f - Natasha
Aim: Natasha (moderately wounded, unusually resistant)
You throw a javelin. The javelin pierces through Natasha.
Natasha is severely wounded.
Natasha casts a spell.
The white imp barely misses you. Natasha claws you!
* * * LOW HITPOINT WARNING * * *
Your magical contamination has completely faded away.
Unknown command.
Unknown command.
Throw: 2 javelins
Press: ? - help, Q - select action, (/) - cycle Shift-Dir - straight line, f/p - Natasha
Aim: Natasha (severely wounded, unusually resistant)
You throw a javelin. The javelin barely misses Natasha.
The crimson imp blinks!
The white imp hits you.
* * * LOW HITPOINT WARNING * * *
The white imp freezes you.
You die...

# #.#..##.#.#.#_#.....# #.
#.......#.#..#..#...### #.
#########'#.#.....#.....# #.
## #...........#...#.##....#
#. .#
#........<.5#...........# #.
.#
#...........#.###.##..#####.
.#
###########'#.........#.....
.# #.......55#####..#.#.####
.#
#......ยง@.+....#.....####
.# #.......h.####....>......
.# #.........# ##..#########
.# #.........# #......# .#
#.........# #...##.# .#
#.........# #...##.# .#
#.........# #...##.# ## ##
#.......(.# #...##.# ##.
#.........# #...##.# #..


You could see Natasha (resistant), 2 crimson imps and a white imp (summoned).

Vanquished Creatures
  Natasha (twice) (D:2)
  2 adders (D:2)
  2 leopard geckos
  A giant cockroach (D:1)
  A goblin (D:1)
  7 hobgoblins
  9 kobolds
  4 bats (D:1)
  2 frilled lizards (D:1)
  6 rats
36 creatures vanquished.

Vanquished Creatures (others)
  168 foxfires
168 creatures vanquished.

Grand Total: 204 creatures vanquished

Notes
Turn   | Place    | Note
-------+----------+-------------------------------------------
     0 | D:1      | gruber the Demonspawn Fire Elementalist began the quest for
                  | the Orb.
     0 | D:1      | Reached XP level 1. HP: 13/13 MP: 3/3
   241 | D:1      | Reached skill level 3 in Fire Magic
   355 | D:1      | Gained mutation: You have a somewhat thin skeletal
                  | structure. (Dex +2, Stealth) [demonic ancestry]
   355 | D:1      | Reached XP level 2. HP: 6/19 MP: 0/5
  1287 | D:2      | Gained mutation: You have large cloven feet. [demonic
                  | ancestry]
  1287 | D:2      | Reached XP level 3. HP: 24/24 MP: 2/6
  1332 | D:2      | Found a faded altar of an unknown god.
  1607 | D:2      | Noticed Natasha
  1613 | D:2      | Killed Natasha
  1614 | D:2      | Reached skill level 4 in Fire Magic
  1691 | D:2      | Gained mutation: You have a moderately thin skeletal
                  | structure. (Dex +4, Stealth+) [demonic ancestry]
  1691 | D:2      | Reached XP level 4. HP: 30/30 MP: 3/7
  1792 | D:2      | Noticed Natasha
  1796 | D:2      | Killed Natasha
  2001 | D:2      | Noticed Natasha
  2017 | D:2      | Slain by a white imp

Illustrated notes

Levels and vault maps discovered:
D:1:      erik_arrival_triangle_small, layout_rooms
D:2:      layout_basic, chequers_ecumenical_altar_simple, uniq_natasha

Skill      XL: |  1  2  3 |
---------------+----------+-----
Fire Magic     | 3 4 |  4.2
Conjurations   | 2 |  2.5
Dodging        | |  1.7
Stealth        | |  1.7
Spellcasting   | |  2.0

Action                   |  1- 3 |  4- 6 || total
-------------------------+-------+-------++-------
Melee: Spear             |    24 |     5 ||    29
Throw: Javelin           |       |     2 ||     2
 Cast: Foxfire           |    80 |    13 ||    93
 Stab: Sleeping          |     1 |       ||     1
Armor: Robe              |     1 |       ||     1
Dodge: Dodged            |    16 |     5 ||    21

Table legend: (Time is in decaauts)
 A = Elapsed time spent in this place.
 B = Non-inter-level travel time spent in this place.
 C = Inter-level travel time spent in this place.
 D = Time resting spent in this place.
 E = Time spent auto-exploring this place.
 F = Levels seen in this place.
 G = Mean time per level.
                   A        B        C        D        E       F      G
               +--------+--------+--------+--------+--------+-----+--------+
         Total |   2019 |   2011 |      8 |     20 |   1678 |   2 | 1009.5 |
       Dungeon |   2019 |   2011 |      8 |     20 |   1678 |   2 | 1009.5 |
               +--------+--------+--------+--------+--------+-----+--------+

Top non-repeatable levels by time:
     D:1: 1261 daAuts
     D:2: 757 daAuts
